 Dungeon Crawl Stone Soup version 0.26-a0-1101-g8f9f7f7418 (webtiles) character file.

Game seed: 7113601613954776955

48170 night the Destroyer (level 14, -4/96 HPs)
             Began as a Demonspawn Fire Elementalist on Dec 15, 2020.
             Was an Initiate of Gozag.
             Slain by a cane toad (13 damage)
             ... on level 5 of the Lair of Beasts.
             The game lasted 01:04:51 (24229 turns).

night the Destroyer (Demonspawn Fire Elementalist) Turns: 24229, Time: 01:04:51

Health: -4/96      AC: 18    Str: 11    XL:     14   Next: 11%
Magic:  14/29      EV: 11    Int: 32    God:    Gozag
Gold:   2084       SH:  0    Dex: 13    Spells: 26/36 levels left

rFire    + . .     SeeInvis .   a - +9 lance "Wyrmbane" {slay drac, rPois rF+ rC+ AC+3}
rCold    + . .     Faith    .   (no shield)
rNeg     . . .     Spirit   .   X - +4 ring mail of the Harvest {rElec rPois Int+6}
rPois    +         Reflect  .   L - +2 hat
rElec    +         Harm     .   (no cloak)
rCorr    .         Rampage  .   Z - +0 pair of gloves
Will     ++...                  (boots unavailable)
Stlth    +.........             c - amulet of the acrobat
HPRegen  0.26/turn              u - ring of willpower
MPRegen  0.21/turn              N - +6 ring of intelligence

@: gold aura
A: talons 3, molten scales 2, foul stench 1, spiny 1, miasma immunity
a: Potion Petition, Call Merchant, Bribe Branch, Renounce Religion


You were on level 5 of the Lair of Beasts.
You worshipped Gozag.
Gozag was most pleased with you.
You visited 3 branches of the dungeon, and saw 16 of its levels.

You collected 4174 gold pieces.
You spent 344 gold pieces at shops.
You paid 1746 gold pieces to Gozag.

Inventory:

Hand Weapons
 a - the +9 lance "Wyrmbane" (weapon) {slay drac, rPois rF+ rC+ AC+3}
   (You took it off Maggie on level 6 of the Dungeon)

   It affects your AC (+3).
   It protects you from fire.
   It protects you from cold.
   It protects you from poison.
 B - the +2 flail of the Freezing Seer {chaos, rElec Str+2 Dex-3}
   (You found it on level 4 of the Dungeon)

   Each time it hits an enemy it has a different, random effect.
   It affects your strength (+2).
   It affects your dexterity (-3).
   It insulates you from electricity.
 E - the +5 spear "Ismias" {drain, *Slow rC+++ Str+2 Dex+3}
   (You found it on level 5 of the Dungeon)

   A truly terrible weapon, it drains the life of those it strikes.
   It affects your strength (+2).
   It affects your dexterity (+3).
   It renders you almost immune to cold.
   It may slow you when you take damage.
 H - the +6 mace "Nius Taxzua" {elec, Will+ Int+6}
   (You found it on level 5 of the Dungeon)

   Occasionally, upon striking a foe, it can discharge electrical energy and
   cause terrible harm.
   It affects your intelligence (+6).
   It affects your willpower, your defense against some magical effects.
Missiles
 h - 45 bolts
 i - 520 stones
 j - 102 sling bullets
 k - 205 arrows
 q - 82 poisoned darts
 x - 18 boomerangs
 z - 15 javelins
 A - 2 silver boomerangs
 O - 4 throwing nets
Armour
 L - a +2 hat (worn)
 X - the +4 ring mail of the Harvest (worn) {rElec rPois Int+6}
   (You found it on level 3 of the Lair of Beasts)

   It affects your intelligence (+6).
   It insulates you from electricity.
   It protects you from poison.
 Z - a +0 pair of gloves (worn)
Magical Staves
 b - an uncursed staff of fire
Jewellery
 c - an amulet of the acrobat (around neck)
 s - an uncursed amulet of regeneration
 u - a ring of willpower (left hand)
 N - a +6 ring of intelligence (right hand)
 P - a cursed ring of attention {unknown}
 U - a cursed ring of teleportation {unknown}
Wands
 y - a wand of iceblast (10)
 C - a wand of flame (51)
 D - a wand of paralysis (28)
 J - a wand of disintegration (35)
 S - a wand of acid (9)
 W - a wand of random effects (15)
Scrolls
 d - 6 scrolls of amnesia
 e - 7 scrolls of teleportation
 g - 8 scrolls of enchant armour
 o - 8 scrolls of remove curse
 p - 2 scrolls of magic mapping
 F - 3 scrolls of blinking
 G - 2 scrolls of fear
 Q - a scroll of immolation
 T - a scroll of holy word
 Y - a scroll of random uselessness {unknown}
Potions
 f - 6 potions of brilliance
 l - 2 potions of magic
 m - 2 potions of curing
 n - 5 potions of might
 r - 2 potions of degeneration
 t - a potion of berserk rage
 v - a potion of lignification {unknown}
 w - 4 potions of flight
 I - 4 potions of ambrosia
 K - a potion of attraction {unknown}
 M - 2 potions of haste
 V - a potion of cancellation {unknown}


   Skills:
 + Level 4.9 Fighting
 + Level 9.7 Polearms
 - Level 2.0 Dodging
 - Level 2.0 Stealth
 + Level 11.8 Spellcasting
 + Level 12.5 Conjurations
 + Level 11.9 Fire Magic


You had 26 spell levels left.
You knew the following spells:

 Your Spells              Type           Power        Failure   Level
a - Foxfire               Conj/Fire      ####         1%          1
b - Sticky Flame          Conj/Fire      #######.     1%          4
c - Fireball              Conj/Fire      #######...   1%          5

Your spell library contained the following spells:

 Spells                   Type           Power        Failure   Level
 Magic Dart               Conj           ####         1%          1
 Conjure Flame            Conj/Fire      #######.     1%          3
 Inner Flame              Hex/Fire       ######..     1%          3
 Stone Arrow              Conj/Erth      ######       1%          3
 Mephitic Cloud           Conj/Pois/Air  #####...     3%          3
 Hailstorm                Conj/Ice       ######..     4%          4
 Animate Skeleton         Necr           ###...       6%          1
 Freeze                   Ice            ###.         6%          1
 Pain                     Necr           ###.         6%          1
 Sandblast                Erth           ###...       6%          1
 Blink                    Tloc           N/A          10%         2
 Call Imp                 Summ           ###.....     10%         2
 Passwall                 Tmut/Erth      ###.....     10%         2
 Slow                     Hex            ###.....     10%         2
 Frozen Ramparts          Ice            ###...       19%         3
 Ozocubu's Armour         Ice            ###.....     19%         3
 Vampiric Draining        Necr           ###.......   19%         3
 Animate Dead             Necr           ###.......   52%         4
 Petrify                  Tmut/Erth      ###.....     52%         4
 Summon Ice Beast         Ice/Summ       ###.....     52%         4
 Agony                    Necr           ###.....     86%         5
 Lee's Rapid Deconstruct  Erth           ###.......   86%         5


Dungeon Overview and Level Annotations

Branches:
Dungeon (9/15)             Temple (1/1) D:4            Lair (6/6) D:9
  Swamp (0/4) Lair:4       Spider (0/4) Lair:3
  Slime: Lair:5-6       Orc: D:9-12

Altars:
Ashenzari
Cheibriados
Dithmenos
Elyvilon
Fedhas
Gozag
Hepliaklqana
Kikubaaqudgha
Makhleb
Nemelex Xobeh
Okawaru
Qazlal
Ru
Sif Muna
Trog
Uskayaw
Vehumet
Wu Jian
Xom
Yredelemnul
Zin
The Shining One
Lugonu

Shops:
D:4 (   D:7 ?   Lair:3 *


Innate Abilities, Weirdness & Mutations

You have claws for feet.
You are mostly covered in molten scales. (AC +3)
You may emit foul miasma when damaged in melee.
You are partially covered in sharp spines.
You are immune to miasma.


Message History

You puncture the basilisk!
You kill the basilisk!
You feel sick.
Casting: Sticky Flame (safe; 1% risk of failure)
Confirm with . or Enter, or press ? or * to list all spells.
Aiming: Sticky Flame (safe; 1% risk of failure)
Press: ? - help, Shift-Dir - straight line, f - cane toad
Aim: a cane toad (0% to evade)
The sticky flame hits the cane toad!
The cane toad is moderately wounded.
The cane toad is covered in liquid flames!
The cane toad burns!
The cane toad stings you!
* * * LOW HITPOINT WARNING * * *
You emit a cloud of foul miasma!
You feel better.
The cane toad burns!
The cane toad is engulfed in dark miasma.
The cane toad is poisoned.
The cane toad seems to slow down.
The cane toad stings you!
You die...
Your body crumbles into a pile of gold.

....<......................#
.......................P..P#
....P.P.#.#........P^.##..##
....#..#.......P#.....###.##
.........##.....#..........#
....##.................##.##
....P#..........##.....#..#
....P#.........###>.......##
....P#..........@F....##..P#
...............###'#.###..##
....#....#......##..#.#....#
.....##.P......#...###.#P..#
.................P........##
..##..####...#..P.#####P..P#
#####...#####.#.### ######
##### #####


You could see a cane toad (burning, poisoned, slow).

Vanquished Creatures
  Rupert (Lair:5)
  Kirke (Lair:5)
  Harold (D:7)
  5 hydras
  A boulder beetle (Lair:2)
  A catoblepas (Lair:2)
  6 death yaks
  An ugly thing (D:8)
  8 elephants (Lair:4)
  A black mamba (Lair:5)
  15 cane toads
  Maggie (D:6)
  13 komodo dragons
  A rime drake (Lair:3)
  A polar bear (Lair:4)
  2 trolls
  Grinder (D:3)
  13 blink frogs
  18 dream sheep
  Prince Ribbit (D:5)
  3 wyverns
  3 hogs
  5 basilisks
  42 yaks
  Grum (Lair:1)
  A human (Lair:5)
  A steam dragon (Lair:5)
  Menkaure (D:6)
  19 water moccasins
  3 orc warriors
  2 phantoms (D:4)
  A swamp drake (Lair:4)
  2 black bears
  An eye of draining (D:8)
  An ice beast (D:9)
  37 wolves
  4 centaurs
  2 ogres
  2 big kobolds (D:9)
  Blork the orc (D:5)
  12 bullfrogs
  A gnoll sergeant (D:6)
  6 scorpions
  5 killer bees (D:8)
  4 howler monkeys
  3 electric eels
  A crimson imp (D:8)
  3 bullfrog zombies
  6 hounds
  A jelly (D:7)
  2 bullfrog skeletons
  4 orc priests
  4 iguanas
  Natasha (twice) (D:4)
  6 worker ants
  10 orc wizards
  A hound skeleton (D:9)
  3 worker ant zombies
  17 adders
  9 gnolls
  A shadow imp (D:9)
  A white imp (D:9)
  3 ufetubi
  3 oozes
  An adder skeleton (D:7)
  6 worms
  2 dart slugs (D:1)
  7 leopard geckos
  33 orcs
  2 ball pythons (D:3)
  8 giant cockroaches
  12 goblins
  15 hobgoblins
  13 jackals
  6 quokkas
  11 bats
  8 frilled lizards
  A jackal skeleton (D:5)
  18 kobolds
  2 leopard gecko skeletons
  8 rats
485 creatures vanquished.

Vanquished Creatures (collateral kills)
  5 foxfires
5 creatures vanquished.

Vanquished Creatures (others)
  1284 foxfires
  19 fungi
  25 plants
1328 creatures vanquished.

Grand Total: 1818 creatures vanquished

Notes
Turn   | Place    | Note
-------+----------+-------------------------------------------
     0 | D:1      | night the Demonspawn Fire Elementalist began the quest for
                  | the Orb.
     0 | D:1      | Reached XP level 1. HP: 13/13 MP: 3/3
   194 | D:1      | Reached skill level 2 in Stealth
   194 | D:1      | Gained mutation: You are immune to miasma. [demonic
                  | ancestry]
   194 | D:1      | Reached XP level 2. HP: 18/19 MP: 0/5
   278 | D:1      | Reached skill level 2 in Dodging
  1288 | D:1      | Gained mutation: You have sharp toenails. [demonic
                  | ancestry]
  1288 | D:1      | Reached XP level 3. HP: 24/24 MP: 4/6
  1921 | D:2      | Found a white marble altar of Elyvilon.
  1999 | D:2      | Found an opulent altar of Gozag.
  2015 | D:2      | Reached skill level 2 in Conjurations
  2248 | D:2      | Gained mutation: You are partially covered in molten
                  | scales. (AC +2) [demonic ancestry]
  2248 | D:2      | Reached XP level 4. HP: 30/30 MP: 2/8
  3386 | D:3      | Reached XP level 5. HP: 34/35 MP: 6/9
  3826 | D:3      | Found a stormy altar of Qazlal.
  3920 | D:3      | Learned a level 4 spell: Sticky Flame
  3926 | D:3      | Learned a level 5 spell: Fireball
  4163 | D:3      | Reached skill level 3 in Conjurations
  4253 | D:3      | Found a faded altar of an unknown god.
  4419 | D:3      | Noticed Grinder
  4490 | D:3      | Paralysed by Grinder for 7 turns
  4510 | D:3      | Killed Grinder
  4511 | D:3      | Reached XP level 6. HP: 34/41 MP: 6/12
  4655 | D:3      | Found a hide-covered altar of Uskayaw.
  4764 | D:2      | Became a worshipper of Gozag Ym Sagoz the Greedy
  4821 | D:4      | Found a broken altar of Ashenzari.
  4840 | D:4      | Reached skill level 4 in Conjurations
  5114 | D:3      | Gained mutation: You may emit foul miasma when damaged in
                  | melee. [demonic ancestry]
  5114 | D:3      | Reached XP level 7. HP: 21/46 MP: 0/13
  5349 | D:4      | Reached skill level 5 in Fire Magic
  5471 | D:4      | Got a crystal flail
  5471 | D:4      | Identified the +2 flail of the Freezing Seer {chaos, rElec
                  | Str+2 Dex-3} (You found it on level 4 of the Dungeon)
  5650 | D:4      | Reached skill level 5 in Spellcasting
  5655 | D:4      | Reached skill level 5 in Conjurations
  5665 | D:4      | Found Cuintali's Antique Weapon Shoppe.
  5829 | D:4      | Noticed Natasha
  5835 | D:4      | Killed Natasha
  5935 | D:4      | Found a staircase to the Ecumenical Temple.
  5955 | Temple   | Entered the Ecumenical Temple
  6149 | D:4      | Noticed Natasha
  6162 | D:4      | Killed Natasha
  6163 | D:4      | Gained mutation: You are partially covered in sharp spines.
                  | [demonic ancestry]
  6163 | D:4      | Reached XP level 8. HP: 52/52 MP: 13/15
  6250 | D:5      | Entered Level 5 of the Dungeon
  6384 | D:5      | Found a shadowy altar of Dithmenos.
  6387 | D:5      | Noticed Blork the orc
  6388 | D:5      | Noticed Prince Ribbit
  6525 | D:5      | Got a pitted spear
  6525 | D:5      | Identified the +5 spear "Ismias" {drain, *Slow rC+++ Str+2
                  | Dex+3} (You found it on level 5 of the Dungeon)
  7093 | D:5      | Got a translucent mace
  7093 | D:5      | Identified the +6 mace "Nius Taxzua" {elec, Will+ Int+6}
                  | (You found it on level 5 of the Dungeon)
  7149 | D:5      | Killed Blork the orc
  7186 | D:5      | Killed Prince Ribbit
  7187 | D:5      | Reached skill level 6 in Conjurations
  7691 | D:6      | Found a bloodstained altar of Trog.
  7893 | D:6      | Found a shadowy altar of Dithmenos.
  7973 | D:6      | Gained mutation: You are mostly covered in molten scales.
                  | (AC +3) [demonic ancestry]
  7973 | D:6      | Reached XP level 9. HP: 57/57 MP: 13/18
  8053 | D:6      | Noticed Menkaure
  8058 | D:6      | Noticed Maggie
  8065 | D:6      | Killed Menkaure
  8072 | D:6      | Killed Maggie
  8073 | D:6      | Reached skill level 7 in Conjurations
  8228 | D:6      | Found an ancient bone altar of Kikubaaqudgha.
  8395 | D:6      | Reached skill level 1 in Polearms
  8671 | D:7      | Noticed Harold
  8681 | D:7      | Killed Harold
  8682 | D:7      | Reached skill level 2 in Polearms
  8848 | D:7      | Reached skill level 8 in Conjurations
  9028 | D:7      | Found a hazy altar of Hepliaklqana.
  9194 | D:7      | Gained mutation: You have razor-sharp toenails. [demonic
                  | ancestry]
  9194 | D:7      | Reached XP level 10. HP: 53/63 MP: 17/21
  9304 | D:7      | Found Louxab's Magic Scroll Emporium.
  9307 | D:7      | Bought a scroll of blinking for 112 gold pieces
  9307 | D:7      | Bought a scroll of teleportation for 45 gold pieces
  9307 | D:7      | Bought a scroll of enchant armour for 112 gold pieces
  9307 | D:7      | Bought a scroll of identify for 30 gold pieces
  9310 | D:7      | Bought a scroll of noise for 15 gold pieces
  9310 | D:7      | Bought a scroll of identify for 30 gold pieces
  9388 | D:7      | Found a shimmering altar of Xom.
  9659 | D:8      | Found a blossoming altar of Fedhas.
  9947 | D:8      | Got a pair of ichor-stained boots
  9957 | D:8      | Identified the +0 pair of boots of Polish {rC+} (You found
                  | it on level 8 of the Dungeon)
 10031 | D:8      | Noticed a white ugly thing
 10044 | D:8      | Killed a white ugly thing
 10272 | D:8      | Found a radiant altar of Vehumet.
 10272 | D:8      | Found a burning altar of Makhleb.
 11193 | D:9      | Found a basalt altar of Yredelemnul.
 11471 | D:9      | Found a sacrificial altar of Ru.
 11618 | D:9      | Reached skill level 9 in Conjurations
 11660 | D:9      | Found a burning altar of Makhleb.
 11660 | D:9      | Noticed a cacodemon
 12207 | D:9      | Found a staircase to the Lair.
 12213 | Lair:1   | Entered Level 1 of the Lair of Beasts
 12445 | Lair:1   | Reached skill level 5 in Polearms
 12445 | Lair:1   | Gained mutation: You have claws for feet. [demonic
                  | ancestry]
 12445 | Lair:1   | Reached XP level 11. HP: 40/68 MP: 11/23
 12844 | Lair:1   | Noticed Grum
 12848 | Lair:1   | Killed Grum
 14261 | Lair:2   | Noticed a catoblepas
 14392 | Lair:2   | Noticed a boulder beetle
 14408 | Lair:2   | HP: 9/68 [boulder beetle (17)]
 14410 | Lair:2   | Killed a boulder beetle
 14411 | Lair:2   | Reached skill level 10 in Conjurations
 14689 | Lair:2   | HP: 7/68 [basilisk (14)]
 15141 | Lair:2   | Killed a catoblepas
 15142 | Lair:2   | Reached skill level 10 in Fire Magic
 15406 | Lair:2   | Reached XP level 12. HP: 74/74 MP: 19/25
 15478 | Lair:2   | Noticed a five-headed hydra
 15487 | Lair:2   | Killed a five-headed hydra
 15623 | Lair:2   | Reached skill level 10 in Spellcasting
 16391 | Lair:3   | HP: 10/74 [komodo dragon (18)]
 16647 | Lair:3   | Noticed a death yak
 16647 | Lair:3   | Noticed a death yak
 16686 | Lair:3   | Found a glowing golden altar of the Shining One.
 17039 | Lair:3   | Noticed a death yak
 17083 | Lair:3   | Killed a death yak
 17084 | Lair:3   | Reached skill level 11 in Conjurations
 17366 | Lair:3   | Noticed a death yak
 17366 | Lair:3   | Noticed a death yak
 17444 | Lair:2   | Killed a death yak
 17549 | Lair:2   | Killed a death yak
 17726 | Lair:3   | Noticed a six-headed hydra
 17747 | Lair:3   | Killed a six-headed hydra
 18219 | Lair:3   | Noticed a death yak
 18266 | Lair:3   | Killed a death yak
 18482 | Lair:3   | Found a hole to the Spider Nest.
 18625 | Lair:3   | Killed a death yak
 18637 | Lair:3   | Killed a death yak
 18854 | Lair:3   | Got a faintly glowing ring mail
 18864 | Lair:3   | Identified the +4 ring mail of the Harvest {rElec rPois
                  | Int+6} (You found it on level 3 of the Lair of Beasts)
 19545 | Lair:3   | Reached XP level 13. HP: 29/79 MP: 18/27
 20209 | Lair:4   | Reached skill level 1 in Fighting
 20681 | Lair:4   | Reached skill level 2 in Fighting
 21053 | Lair:4   | Reached skill level 12 in Conjurations
 21275 | Lair:4   | Found a staircase to the Swamp.
 22511 | Lair:5   | Noticed Kirke
 22571 | Lair:5   | Killed Kirke
 22573 | Lair:5   | Noticed Rupert
 23012 | Lair:5   | Paralysed by Rupert for 3 turns
 23018 | Lair:5   | Killed Rupert
 23255 | Lair:5   | Reached XP level 14. HP: 72/96 MP: 6/29
 23845 | Lair:6   | Entered Level 6 of the Lair of Beasts
 24226 | Lair:5   | HP: 12/96 [basilisk (15)]
 24228 | Lair:5   | HP: 4/96 [cane toad (7)]
 24229 | Lair:5   | Slain by a cane toad

Illustrated notes

Levels and vault maps discovered:
D:1:      lightli_arrival_farm, layout_basic
D:2:      minmay_recursive_quarters, layout_rooms,
          nicolae_overflow_hidden_temple, old_standard_altar, serial_rivers,
          chequers_serial_rivers_micro_a, chequers_serial_rivers_small_a,
          chequers_serial_rivers_micro_e, chequers_serial_rivers_room_b,
          chequers_serial_rivers_small_3, chequers_serial_rivers_large_b,
          minmay_tall_x
D:3:      layout_basic, lemuel_coloured_pillars_altar, old_standard_altar,
          chequers_ecumenical_altar_lobes, uniq_grinder
D:4:      layout_cave_pools, ashenzari_altar_1, minmay_temple_entry_wispy,
          kennysheep_windowed_goal, uniq_natasha
D:5:      layout_basic, nicolae_dithmenos_shadow_blocks, uniq_blork_the_orc,
          uniq_prince_ribbit1
D:6:      layout_gridville, overflow_temple_1_default, kennysheep_little_box,
          marbit_many_paths, minmay_fractal_squares_diagonal_5, uniq_menkaure,
          uniq_maggie
D:7:      layout_rooms, lemuel_round_altar, kennysheep_mini, serial_shops,
          nicolae_shop_window_shopping, lightli_minifort, uniq_harold
D:8:      layout_loops_corners, grunt_temple_overflow_lords_of_destruction,
          old_standard_altar, serial_aquarium, aquarium_bridge_straight
          [aquarium_subvault_bridge, aquarium_subvault_wall,
          aquarium_subvault_bridge, aquarium_subvault_window],
          aquarium_window_double, aquarium_window_2, aquarium_view_2f,
          aquarium_balcony_1b, aquarium_pool_2
D:9:      layout_stronghold, hangedman_ru_absence,
          nicolae_overflow_crystal_walls, lair_entry_dummy,
          makhleb_altar_promises_db
Temple:   corrupted_temple
Lair:1:   wander_river, layout_cave_pods, nicolae_quartered_pool_medium,
          grunt_megastairs_2, lemuel_fruit_tree, infiniplex_staircase_pool_2,
          uniq_grum
Lair:2:   layout_misc_corridors, special_room, hibernation_bobbens,
          serial_bayou_shore_b, grunt_megastairs_1, infiniplex_staircase_pool
Lair:3:   layout_cave_pods, dummy_spider_entry, basic_altar
Lair:4:   layout_gridlike, minmay_swamp_entry_reptiles,
          grunt_forest_large_clearings, grunt_megastairs_3
Lair:5:   layout_regular_city, chequers_serial_rivers_large_a, uniq_rupert,
          uniq_kirke
Lair:6:   cheibrodos_lair_end_hotspot, layout_misc_corridors, slime_altar_1

Skill      XL: |  1  2  3  4  5  6  7  8  9 10 11 12 13 |
---------------+----------------------------------------+-----
Stealth        | 2 |  2.0
Dodging        | 2 |  2.0
Fire Magic     | 3 4 5 6 7 9 10 11 | 11.9
Conjurations   | 2 3 4 5 6 8 9 10 11 12 | 12.5
Spellcasting   | 3 4 5 6 7 8 9 10 11 | 11.8
Polearms       | 2 5 6 8 9 |  9.7
Fighting       | 4 |  4.9

Action                   |  1- 3 |  4- 6 |  7- 9 | 10-12 | 13-15 || total
-------------------------+-------+-------+-------+-------+-------++-------
Melee: Unarmed           |    10 |       |       |       |       ||    10
       Short sword       |    23 |    66 |     1 |       |       ||    90
       Kick              |     2 |       |       |    34 |    32 ||    68
       Flail             |       |       |    28 |       |       ||    28
       Mace              |       |       |    43 |       |       ||    43
       Lance             |       |       |    51 |   270 |   135 ||   456
 Cast: Foxfire           |    68 |   139 |    92 |   290 |   142 ||   731
       Sticky Flame      |       |     2 |     7 |    53 |    42 ||   104
       Fireball          |       |       |       |    19 |    21 ||    40
Invok: Potion Petition   |       |       |       |     3 |       ||     3
       Call Merchant     |       |       |       |     1 |       ||     1
Evoke: Wand              |       |       |     1 |     3 |     1 ||     5
  Use: Potion            |       |     2 |       |       |     1 ||     3
       Scroll            |       |     1 |     1 |    15 |     1 ||    18
 Stab: Sleeping          |     2 |     2 |     6 |     3 |       ||    13
       Paralysed         |       |       |     7 |       |       ||     7
       Distracted        |       |       |       |     2 |       ||     2
       Petrified         |       |       |       |     7 |       ||     7
Armor: Robe              |     7 |    29 |    15 |       |       ||    51
       Steam dragon scal |       |       |     8 |    84 |       ||    92
       Ring mail         |       |       |       |     5 |    98 ||   103
Dodge: Dodged            |    25 |    77 |    89 |   168 |   117 ||   476

Table legend: (Time is in decaauts)
 A = Elapsed time spent in this place.
 B = Non-inter-level travel time spent in this place.
 C = Inter-level travel time spent in this place.
 D = Time resting spent in this place.
 E = Time spent auto-exploring this place.
 F = Levels seen in this place.
 G = Mean time per level.
                   A        B        C        D        E       F      G
               +--------+--------+--------+--------+--------+-----+--------+
         Total |  24329 |  23702 |    627 |   7733 |  11831 |  16 | 1520.6 |
       Dungeon |  12378 |  11979 |    399 |   2577 |   7136 |   9 | 1375.3 |
        Temple |    104 |    104 |      0 |      0 |     85 |   1 |  104.0 |
          Lair |  11845 |  11618 |    227 |   5156 |   4610 |   6 | 1974.2 |
               +--------+--------+--------+--------+--------+-----+--------+

Top non-repeatable levels by time:
  Lair:3: 4034 daAuts
  Lair:2: 2254 daAuts
  Lair:4: 2184 daAuts
     D:3: 1970 daAuts
  Lair:1: 1807 daAuts
     D:2: 1760 daAuts
     D:9: 1648 daAuts
  Lair:5: 1540 daAuts
     D:1: 1489 daAuts
     D:5: 1191 daAuts
     D:6: 1142 daAuts
     D:4: 1111 daAuts
     D:8: 1103 daAuts
     D:7: 959 daAuts
  Temple: 104 daAuts
